 Dungeon Crawl Stone Soup version 0.31-a0-1570-g93c622d222 (webtiles) character file.

Game seed: 15027642036026411468

51 hikkokomori the Digger (level 3, -10/20 HPs)
             Began as a Gargoyle Earth Elementalist on Jan 4, 2024.
             Shot with an arrow by a centaur (14 damage)
             ... on level 3 of the Dungeon.
             The game lasted 00:05:43 (1809 turns).

hikkokomori the Digger (GrEE)                       Turns: 1809, Time: 00:05:45

Health: -10/20     AC:  6    Str: 14    XL:     3   Next: 83%
Magic:  5/6        EV: 11    Int: 17    God:
Gold:   104        SH:  0    Dex: 10    Spells: 2/6 levels left

rFire   + . .        p - +8 short sword of Daptamopn {heavy, rF+ Str+3}
rCold   . . .        (no shield)
rNeg    + . .        a - +0 robe
rPois   ∞            j - +0 helmet
rElec   +            (no cloak)
rCorr   .            (no gloves)
SInv    .            (no boots)
Will    .....        (no amulet)
Stlth   ++           (no ring)
HPRegen 0.23/turn    (no ring)
MPRegen 0.10/turn

%: no passive effects
@: no status effects
A: sickness immunity, AC +3, negative energy resistance 1, electricity
resistance, torment resistance 1, petrification resistance
a: no special abilities


You were on level 3 of the Dungeon.
You visited 1 branch of the dungeon, and saw 3 of its levels.

You collected 164 gold pieces.
You spent 60 gold pieces at shops.

Inventory:

Hand Weapons
 f - a +1 dagger
 p - the +8 short sword of Daptamopn (weapon) {heavy, rF+ Str+3}
   (You took it off a goblin on level 2 of the Dungeon)

   Str+3:     It affects your strength (+3).
   rF+:       It protects you from fire.
Armour
 a - a +0 robe (worn)
 e - a +1 hat
 j - a +0 helmet (worn)
Jewellery
 d - a ring of fire
Scrolls
 c - a scroll of enchant weapon
 k - a scroll of blinking {unknown}
 n - 2 scrolls of teleportation
Potions
 b - a potion of magic
 g - a potion of heal wounds {unknown}
 h - 2 potions of haste {unknown}
 i - a potion of enlightenment {unknown}
 l - a potion of lignification
 m - 2 potions of cancellation
 o - a potion of curing {unknown}


   Skills:
 + Level 1.4 Fighting
 + Level 0.2 Short Blades
 - Level 1.5 Dodging
 + Level 2.9 Stealth
 - Level 2.3 Spellcasting
 + Level 1.9 Conjurations
 + Level 4.1 Earth Magic


You had 2 spell levels left.
You knew the following spells:

 Your Spells              Type           Power      Damage    Failure   Level
a - Sandblast             Erth           30%        2d9       3%          1
b - Stone Arrow           Conj/Erth      24%        3d8       16%         3

Your spell library contained the following spells:

 Spells                   Type           Power      Damage    Failure   Level
 Lesser Beckoning         Tloc           2%         N/A       28%         2
 Passwall                 Erth           15%        N/A       11%         3
 Brom's Barrelling Bould  Conj/Erth      12%        2d4       47%         4
 Gell's Gravitas          Tloc           1%         N/A       50%         3
 Teleport Other           Tloc           1%         N/A       50%         3
 Petrify                  Alch/Erth      8%         N/A       63%         4


Dungeon Overview and Level Annotations

Branches:
Dungeon (3/15)

Altars:
Makhleb

Shops:
D:2 ?*[[=


Innate Abilities, Weirdness & Mutations

You are immune to sickness and miasma.
Your stone body is resilient. (AC +3)
You are immune to poison.
You resist negative energy. (rN+)
You are resistant to electric shocks. (rElec)
You are resistant to unholy torment.
You are immune to petrification.


Message History

You miss the adder.
The adder is heavily wounded.
The adder bites you. x2
The blast of sand hits the adder!
You kill the adder!
Found 4 stones.
You see here 4 stones.
Done exploring.
Done exploring.
Done exploring.
Done exploring.
No target in view!
No target in view!
Done exploring.
Done exploring.
What level of the Dungeon? (default 2, ? - help)
There is a stone staircase leading up here.
There is a stone staircase leading down here.
You climb downwards.
Found 2 gold pieces.
There is a stone staircase leading up here.
You now have 97 gold pieces (gained 2).
You now have 104 gold pieces (gained 7).
A centaur comes into view.
The centaur moves out of view.
The centaur shouts!
The centaur wields a +0 orcbow.
The centaur shoots an arrow.
The arrow hits you.
A centaur is nearby!
A centaur is nearby!
You start resting.
A centaur is nearby!
The blast of sand hits the centaur!
The centaur is heavily wounded.
The centaur shoots an arrow.
The arrow hits you!
Ouch! That really hurt!
* * * LOW HITPOINT WARNING * * *
The centaur shoots an arrow.
The arrow hits you!
Ouch! That really hurt!
You die...

.c.##.#.
..#....!#
.....#..#
........#
.....##c# ...
#.# # #.#
..#######c#
.......@..#
.#######..#
.........#
.######.####.##
...............
.######.#.#####
#.#... #.# ###
#.#


You could see a centaur.

Vanquished Creatures
  An adder (D:2)
  A dart slug (D:2)
  2 ribbon worms (D:2)
  An endoplasm (D:1)
  2 giant cockroaches
  4 goblins
  5 hobgoblins
  2 quokkas (D:1)
  A ball python (D:2)
  6 bats (D:1)
  3 frilled lizards (D:2)
  5 kobolds
  3 rats
36 creatures vanquished.

Notes
Turn   | Place    | Note
-------+----------+-------------------------------------------
     0 | D:1      | hikkokomori the Gargoyle Earth Elementalist began the quest
                  | for the Orb.
     0 | D:1      | Reached XP level 1. HP: 10/10 MP: 3/3
   364 | D:1      | Reached XP level 2. HP: 16/16 MP: 1/5
  1113 | D:2      | Found Dofuilero's Magic Scroll Shoppe.
  1128 | D:2      | Bought a scroll of teleportation for 36 gold pieces
  1128 | D:2      | Bought a scroll of identify for 24 gold pieces
  1151 | D:2      | Reached skill level 1 in Fighting
  1222 | D:2      | Reached XP level 3. HP: 20/20 MP: 3/6
  1277 | D:2      | Reached skill level 4 in Earth Magic
  1332 | D:2      | Found Aguastetoe's Antique Armour Shop.
  1333 | D:2      | Found Qoxe Ehu's Antique Armour Shop.
  1463 | D:2      | Identified the +8 short sword of Daptamopn {heavy, rF+
                  | Str+3}
  1478 | D:2      | Learned a level 3 spell: Stone Arrow
  1485 | D:2      | Found Ojuanug's Jewellery Emporium.
  1566 | D:2      | Found a burning altar of Makhleb.
  1662 | D:2      | Found Tileucuc's General Store.
  1798 | D:3      | Noticed a centaur
  1809 | D:3      | Shot with an arrow by a centaur

Illustrated notes

Levels and vault maps discovered:
D:1:      sevenhm_arrival_forest_fort_small_3, layout_loops_corners,
          nicolae_titane
D:2:      layout_rooms, serial_shops, nicolae_shop_tiny_glass, shop,
          nicolae_shop_crystal, shop, shop, basic_altar
D:3:      layout_loops_ring

Skill      XL: |  1  2  3 |
---------------+----------+-----
Fighting       | 1 |  1.4
Earth Magic    | 4 |  4.1
Short Blades   | |  0.2
Dodging        | |  1.5
Stealth        | |  2.9
Spellcasting   | |  2.3
Conjurations   | |  1.9

Action                     || total
---------------------------++-------
  Melee: Unarmed           ||    11
         Short sword       ||     1
   Cast: Sandblast         ||    57
    Use: Scroll            ||     3
 Armour: Robe              ||    27
  Dodge: Dodged            ||    22

Table legend: (Time is in decaauts)
 A = Elapsed time spent in this place.
 B = Non-inter-level travel time spent in this place.
 C = Inter-level travel time spent in this place.
 D = Time resting spent in this place.
 E = Time spent auto-exploring this place.
 F = Levels seen in this place.
 G = Mean time per level.
                   A        B        C        D        E       F      G
               +--------+--------+--------+--------+--------+-----+--------+
         Total |   1836 |   1779 |     57 |      1 |   1497 |   3 |  612.0 |
       Dungeon |   1836 |   1779 |     57 |      1 |   1497 |   3 |  612.0 |
               +--------+--------+--------+--------+--------+-----+--------+

Top non-repeatable levels by time:
     D:1: 1106 daAuts
     D:2: 695 daAuts
     D:3: 34 daAuts
